 Dungeon Crawl Stone Soup version 0.28.0 (webtiles) character file.

Game seed: 491118176258423546

5072 sanka the Nimble (level 10, -1/79 HPs)
             Began as a Vampire Fire Elementalist on Feb 10, 2022.
             Was a Follower of Kikubaaqudgha.
             Slain by Harold (20 damage)
             ... on level 9 of the Dungeon.
             The game lasted 00:26:08 (15630 turns).

sanka the Nimble (Vampire Fire Elementalist)       Turns: 15630, Time: 00:26:10

Health: -1/79      AC:  4    Str:  7    XL:     10   Next: 31%
Magic:  0/15       EV: 17    Int: 28    God:    Kikubaaqudgha [*.....]
Gold:   352        SH:  0    Dex: 15    Spells: 9/15 levels left

rFire   + . .      SeeInvis +   y - +0 quick blade
rCold   . . .      Faith    .   (no shield)
rNeg    . . .      Spirit   .   a - +0 robe
rPois   .          Reflect  .   (no helmet)
rElec   .          Harm     .   z - +0 cloak
rCorr   .          Rampage  .   k - +0 pair of gloves
Will    +....                   (no boots)
Stlth   ++........              j - amulet of the acrobat
HPRegen 0.43/turn               e - ring of protection from fire
MPRegen 0.14/turn               u - +6 ring of intelligence

@: marked, healing quickly
A: alive, fangs 3, see invisible, vampiric 2
a: Exsanguinate, Renounce Religion, Receive Corpses


You were on level 9 of the Dungeon.
You worshipped Kikubaaqudgha.
Kikubaaqudgha was aware of your devotion.
You visited 2 branches of the dungeon, and saw 10 of its levels.

You collected 352 gold pieces.

Inventory:

Hand Weapons
 y - a +0 quick blade (weapon)
Missiles
 G - a curare-tipped dart
Armour
 a - a +0 robe (worn)
 k - a +0 pair of gloves (worn)
 t - a +1 leather armour of cold resistance
 z - a +0 cloak (worn)
Jewellery
 e - a ring of protection from fire (left hand)
 j - an amulet of the acrobat (around neck)
 m - a ring of protection from cold
 u - a +6 ring of intelligence (right hand)
 H - a ring of protection from cold
Wands
 v - a wand of mindburst (2)
 w - a wand of digging (11)
 B - a wand of flame (27)
Scrolls
 b - 5 scrolls of identify {unknown}
 c - 4 scrolls of blinking {unknown}
 f - 2 scrolls of enchant weapon {unknown}
 g - 2 scrolls of enchant armour {unknown}
 i - 3 scrolls of amnesia {unknown}
 n - a scroll of vulnerability {unknown}
 o - 2 scrolls of magic mapping {unknown}
 p - 5 scrolls of teleportation {unknown}
 r - 2 scrolls of fear {unknown}
 A - 2 scrolls of fog {unknown}
 D - 3 scrolls of holy word {unknown}
Potions
 d - 2 potions of heal wounds
 h - 2 potions of mutation {unknown}
 l - 3 potions of haste {unknown}
 q - 4 potions of curing
 s - 3 potions of resistance {unknown}
 x - a potion of berserk rage {unknown}
 C - 2 potions of flight {unknown}
 E - 2 potions of brilliance {unknown}
 F - 2 potions of lignification {unknown}


   Skills:
 - Level 7.0 Fighting
 - Level 1.3 Short Blades
 - Level 10.1 Dodging
 - Level 3.0 Stealth
 + Level 3.3 Spellcasting
 - Level 3.0 Conjurations
 - Level 1.8 Necromancy
 - Level 4.0 Fire Magic
 + Level 6.7 Earth Magic


You had 9 spell levels left.
You knew the following spells:

 Your Spells              Type           Power      Damage    Failure   Level
a - Foxfire               Conj/Fire      96%        2x1d8     1%          1
b - Scorch                Fire           54%        2d8       2%          2
c - Stone Arrow           Conj/Erth      64%        3d11      3%          3

Your spell library contained the following spells:

 Spells                   Type           Power      Damage    Failure   Level
 Sandblast                Erth           84%        2d18      1%          1
 Animate Skeleton         Necr           30%        N/A       3%          1
 Pain                     Necr           60%        1d7       3%          1
 Passwall                 Tmut/Erth      19%        N/A       3%          2
 Sublimation of Blood     Necr           15%        N/A       5%          2
 Conjure Flame            Conj/Fire      24%        6-21      5%          3
 Apportation              Tloc           8%         N/A       8%          1
 Inner Flame              Hex/Fire       15%        N/A       11%         3
 Blink                    Tloc           8%         N/A       12%         2
 Flame Wave               Conj/Fire      24%        2d7       19%         4
 Gell's Gravitas          Tloc           4%         N/A       24%         3
 Lesser Beckoning         Tloc           4%         N/A       24%         3
 Teleport Other           Tloc           4%         N/A       24%         3
 Tukima's Dance           Hex            4%         N/A       24%         3
 Fireball                 Conj/Fire      12%        3d7       45%         5
 Iskenderun's Battlesphe  Conj           21%        2d7       54%         5
 Passage of Golubria      Tloc           4%         N/A       61%         4
 Agony                    Necr           15%        N/A       71%         5
 Alistair's Intoxication  Tmut/Pois      2%         N/A       91%         5
 Manifold Assault         Tloc           4%         N/A       91%         5
 Yara's Violent Unravell  Hex/Tmut       2%         3d3       91%         5
 Conjure Ball Lightning   Conj/Air       6%         3x3d6     100%        6
 Dispersal                Tloc           2%         N/A       100%        6
 Orb of Destruction       Conj           10%        9d6       100%        7


Dungeon Overview and Level Annotations

Branches:
Dungeon (9/15)             Temple (1/1) D:7             Orc (0/2) D:9
   Lair: D:8-11

Altars:
Ashenzari
Cheibriados
Dithmenos
Elyvilon
Fedhas
Gozag
Hepliaklqana
Kikubaaqudgha
Makhleb
Nemelex Xobeh
Okawaru
Qazlal
Ru
Sif Muna
Trog
Uskayaw
Vehumet
Wu Jian
Xom
Yredelemnul
Zin
The Shining One

Shops:
D:9 [

Annotations:
D:6 2 runed translucent doors, Crazy Yiuf; anonymous's ghost, novice DEIE
D:9 Harold; Joseph


Innate Abilities, Weirdness & Mutations

Your natural rate of healing is accelerated.
You have razor-sharp teeth.
You have supernaturally acute eyesight. (SInv)
You are afflicted with vampirism and can become a bat while bloodless.


Message History

The stone arrow hits Harold.
Harold is severely wounded.
Harold is no longer more vulnerable to fire.
Harold hits you with a +0 war axe!
* * * LOW HITPOINT WARNING * * *
Casting: Stone Arrow (dangerous; 3% risk of failure)
Confirm with . or Enter, or press ? or * to list all spells.
Aiming: Stone Arrow (dangerous; 3% risk of failure)
Press: ? - help, Shift-Dir - straight line, f/p - Harold
Aim: Harold, wielding a +0 war axe, wearing a +4 scale mail of fire resistance and quivering 3 throwing nets (severely wounded, 84% to hit)
The stone arrow hits Harold!
Harold is almost dead.
Harold hits you with a +0 war axe.
* * * LOW HITPOINT WARNING * * *
Harold misses you.
Harold points at you and mumbles some strange words.
A sentinel's mark forms upon you.
Harold throws a throwing net.
The throwing net barely misses you.
You see here a throwing net.
Harold gestures at you while chanting.
You barely resist.
Harold throws a throwing net.
The throwing net completely misses you. Harold casts a spell at you.
The mark upon you grows brighter.
You start resting.
Harold is nearby!
Harold fires a harpoon shot at you. The harpoon shot hits you.
* * * LOW HITPOINT WARNING * * *
You are yanked forward by the harpoon shot.
Casting: Stone Arrow (dangerous; 3% risk of failure)
Confirm with . or Enter, or press ? or * to list all spells.
Aiming: Stone Arrow (dangerous; 3% risk of failure)
Press: ? - help, Shift-Dir - straight line, f/p - Harold
Aim: Harold, wielding a +0 war axe, wearing a +4 scale mail of fire resistance and quivering a throwing net (severely wounded, 84% to hit)
The stone arrow hits Harold!
Harold is almost dead.
Harold hits you with a +0 war axe!!
You die...
Kikubaaqudgha rasps: "You have failed me!
Welcome... death!"

...)........................
)...)................#######
###)###[.............#########
##))###.............@(........
###..##..........(............
##.#.########(.###############
.#...# #..#
.).##########..##################
.....##>.......@@................
.#..###..........................
.##...#..........................
...#.##...###########..##########
##.####......<...................
###..##..........................
.....##############..............
##..###############.#############
#....##....................


You could see Harold.

Vanquished Creatures
  A two-headed ogre (D:7)
  A deep elf pyromancer (D:9)
  A cyclops (D:7)
  A hornet (D:8)
  2 wyverns (D:8)
  5 orc warriors
  3 black bears
  An ice beast (D:7)
  2 sky beasts
  A hornet zombie (D:7)
  4 ogres
  2 kobold brigands (D:9)
  A bullfrog (D:8)
  2 scorpions
  A wyvern zombie (D:6)
  6 wights
  4 howler monkeys
  A bullfrog zombie (D:6)
  A centaur zombie (D:8)
  2 hounds
  3 orc priests
  A gnoll shaman (D:9)
  A jelly (D:8)
  A bullfrog skeleton (D:6)
  3 iguanas (D:7)
  10 orc wizards
  2 killer bee zombies
  A hound skeleton (D:4)
  9 adders
  4 gnolls (D:9)
  A howler monkey skeleton (D:6)
  A worm (D:3)
  2 dart slugs
  44 orcs
  8 endoplasms
  2 giant cockroaches
  8 goblins
  8 hobgoblins
  8 jackals
  7 quokkas
  5 ball pythons
  3 bats
  3 frilled lizards
  14 kobolds
  5 rats
196 creatures vanquished.

Vanquished Creatures (collateral kills)
  A foxfire (D:1)
1 creature vanquished.

Vanquished Creatures (others)
  619 foxfires
619 creatures vanquished.

Grand Total: 816 creatures vanquished

Notes
Turn   | Place    | Note
-------+----------+-------------------------------------------
     0 | D:1      | sanka the Vampire Fire Elementalist began the quest for the
                  | Orb.
     0 | D:1      | Reached XP level 1. HP: 13/13 MP: 3/3
    97 | D:1      | Found a faded altar of an unknown god.
   180 | D:1      | Reached skill level 1 in Conjurations
   316 | D:1      | Reached XP level 2. HP: 15/19 MP: 1/5
   359 | D:1      | Learned a level 2 spell: Scorch
  2096 | D:2      | Gained mutation: You are afflicted with vampirism and can
                  | become a bat while bloodless. [Vampire growth]
  2096 | D:2      | Reached XP level 3. HP: 24/24 MP: 1/6
  3279 | D:2      | Reached XP level 4. HP: 30/30 MP: 0/7
  5893 | D:4      | Noticed a scorpion
  5899 | D:4      | Killed a scorpion
  5900 | D:4      | Reached skill level 1 in Fighting
  5900 | D:4      | Reached XP level 5. HP: 37/37 MP: 0/8
  6612 | D:4      | Reached skill level 3 in Dodging
  7120 | D:5      | Entered Level 5 of the Dungeon
  7281 | D:5      | Reached XP level 6. HP: 44/44 MP: 6/9
  7468 | D:5      | Reached skill level 4 in Dodging
  7607 | D:5      | Found a shimmering altar of Xom.
  7753 | D:5      | Reached skill level 5 in Dodging
  7753 | D:5      | Reached XP level 7. HP: 53/53 MP: 3/10
  8009 | D:6      | Found a runed translucent door.
  8010 | D:6      | Noticed Crazy Yiuf
  8351 | D:6      | Reached skill level 6 in Dodging
  8533 | D:6      | Found a runed translucent door.
  8533 | D:6      | Noticed anonymous's ghost (novice DEIE)
  8776 | D:6      | Reached skill level 5 in Fighting
  8776 | D:6      | Reached XP level 8. HP: 57/62 MP: 1/11
  9451 | D:7      | HP: 3/62 [hornet zombie (7)]
  9582 | D:7      | Reached skill level 7 in Dodging
  9718 | D:7      | Noticed a cyclops
 10421 | D:7      | Killed a cyclops
 10422 | D:7      | Reached skill level 8 in Dodging
 10688 | D:7      | Noticed a two-headed ogre
 10847 | D:7      | Found a staircase to the Ecumenical Temple.
 10854 | Temple   | Entered the Ecumenical Temple
 11161 | Temple   | Became a worshipper of Kikubaaqudgha
 11354 | D:7      | Reached XP level 9. HP: 71/71 MP: 3/12
 11472 | D:7      | Killed a two-headed ogre
 11473 | D:7      | Reached skill level 10 in Dodging
 12083 | D:7      | Reached skill level 1 in Short Blades
 12083 | D:7      | Reached skill level 1 in Necromancy
 12319 | D:7      | Learned a level 3 spell: Stone Arrow
 12813 | D:8      | Reached skill level 5 in Earth Magic
 13032 | D:8      | You fall into a shaft and drop 1 floor!
 13176 | D:9      | Reached * piety under Kikubaaqudgha
 13176 | D:9      | Received a gift from Kikubaaqudgha
 13460 | D:9      | Found a staircase to the Orcish Mines.
 13484 | D:9      | Reached XP level 10. HP: 73/79 MP: 3/13
 14033 | D:9      | Noticed a deep elf pyromancer
 14052 | D:9      | Killed a deep elf pyromancer
 14380 | D:9      | Found Meybaruc's Antique Armour Boutique.
 15377 | D:9      | Noticed Joseph
 15598 | D:9      | Noticed Harold
 15630 | D:9      | Slain by Harold

Illustrated notes

Levels and vault maps discovered:
D:1:      dpeg_arrival_prison, layout_basic, shapermc_ecumenical_altar_venn,
          minmay_misc_feat_columns
D:2:      layout_loops_ring
D:3:      layout_basic, minmay_between
D:4:      layout_gridville, minmay_a_box_with_orc_wizards_in_it
D:5:      layout_basic, xom_teletrap_fun
D:6:      layout_loops_ring, gammafunk_ghost_grave, grunt_ministairs_14,
          uniq_crazy_yiuf_cottage
D:7:      layout_loops_corners, mainiacjoe_overflow_alcove_2,
          minmay_temple_entry_tees, minmay_puff
D:8:      layout_gridville, grunt_ministairs_15
D:9:      layout_long_grid, erik_orc_3, serial_shops, shop, uniq_joseph,
          uniq_harold
Temple:   mainiacjoe_temple_cubbyholes

Skill      XL: |  1  2  3  4  5  6  7  8  9 10 |
---------------+-------------------------------+-----
Conjurations   | 1 2 3 |  3.0
Fire Magic     | 3 4 |  4.0
Fighting       | 1 2 3 5 6 7 |  7.0
Dodging        | 3 5 6 8 10 | 10.1
Short Blades   | 1 |  1.3
Necromancy     | 1 |  1.8
Earth Magic    | 6 |  6.7
Spellcasting   | 3 |  3.3
Stealth        | |  3.0

Action                   |  1- 3 |  4- 6 |  7- 9 | 10-12 || total
-------------------------+-------+-------+-------+-------++-------
Melee: Unarmed           |    53 |    54 |       |       ||   107
       Bite              |     3 |     4 |    37 |    17 ||    61
       Punch             |       |     2 |     5 |     3 ||    10
       Quick blade       |       |     6 |   247 |   116 ||   369
 Cast: Foxfire           |    79 |   130 |   143 |    22 ||   374
       Scorch            |     3 |     4 |    60 |     1 ||    68
       Stone Arrow       |       |       |    15 |    27 ||    42
Evoke: Wand              |       |       |       |     3 ||     3
  Use: Potion            |       |       |     1 |       ||     1
 Stab: Sleeping          |     1 |     1 |     2 |       ||     4
Armor: Robe              |    14 |    22 |    33 |     6 ||    75
Dodge: Dodged            |    49 |    78 |   245 |    69 ||   441
